Workbook
Name \0: #REF!
Name \0: #REF!
Name \00: #REF!
Name \00: #REF!
Name \a: #REF!
Name \a: #REF!
Name \AA: #REF!
Name \AA: #REF!
Name \b: #REF!
Name \b: #REF!
Name \bb: #REF!
Name \bb: #REF!
Name \c: #REF!
Name \E: #REF!
Name \E: #REF!
Name \EE: #REF!
Name \EE: #REF!
Name \G: #REF!
Name \G: #REF!
Name \i: #REF!
Name \k: #REF!
Name \k: #REF!
Name \l: #REF!
Name \l: #REF!
Name \M: #REF!
Name \M: #REF!
Name \ñ: #REF!
Name \ñ: #REF!
Name \P: #REF!
Name \P: #REF!
Name \R: #REF!
Name \R: #REF!
Name \s: #REF!
Name \s: #REF!
Name \t: #REF!
Name \V: #REF!
Name \X: AIU!ERR
Name \X: [0]!ERR
Name \Z: AIU!ERR
Name \Z: [0]!ERR
Name _________________________________________________i1: #REF!
Name ________________________________________________i1: #REF!
Name _______________________________________________i1: #REF!
Name ______________________________________________i1: #REF!
Name _____________________________________________i1: #REF!
Name ____________________________________________i1: #REF!
Name ___________________________________________i1: #REF!
Name __________________________________________i1: #REF!
Name _________________________________________i1: #REF!
Name ________________________________________i1: #REF!
Name _______________________________________i1: #REF!
Name ______________________________________i1: #REF!
Name _____________________________________i1: #REF!
Name ____________________________________i1: #REF!
Name ___________________________________i1: #REF!
Name __________________________________i1: #REF!
Name _________________________________i1: #REF!
Name ________________________________i1: #REF!
Name _______________________________i1: #REF!
Name ______________________________i1: #REF!

Sheet PRESUPUESTO
B2: Formulario 1 - Propuesta económica - Licitación de obra pública de infraestructura social
B3: Código | C3: CCE-EICP-FM-116
B4: Versión | C4: 1
B6: PRESUPUESTO OFICIAL ESTIMADO MC-SA-MC-0014-2025 CENTRO CULTURAL VILLA ADELAIDA
B7: [La Entidad puede utilizar este Formulario de detalle del Presupuesto Oficial para determinar las condiciones bajo las cuales los Proponentes analizarán y presentarán su propuesta económica de forma detallada, sin perjuicio que la Entidad pueda modificarlo o establecer la presentación de la oferta económica con un Formulario distinto al indicado.]
B8: Adicionalmente, cuando el Proceso de Contratación es estructurado por Precios Unitarios, la Entidad debe aplicar las notas 1, 2 y 3 del presente Formulario y las casillas de "Descripción", "Porcentaje" de la Administración, Imprevisto, Utilidad y total A.I.U. resaltadas en color amarillo. Tratándose de otras modalidades de precio, la Entidad puede o no configurar los mismos aspectos.
B10: ÍTEM DE PAGO | C10: DESCRIPCIÓN
B11: 1 | C11: ACTIVIDADES PRELIMINARES, DESMONTES Y DEMOLICIONES | D11: UND. | E11: CANTIDAD | F11: VALOR UNITARIO | G11: VALOR TOTAL
B12: 1.01 | C12: Preliminares | G12: =IFERROR(ROUND((E12*F12),0),"")
B13: 1.01.07 | C13: LIMPIEZA Y LAVADO DE FACHADAS | D13: m2 | E13: =ROUND((36.9*1.5),0) -> 55 | F13: 6600 | G13: =IFERROR(ROUND((E13*F13),0),"") -> 363000
B14: 1.03 | C14: Demoliciones | G14: =IFERROR(ROUND((E14*F14),0),"")
B15: 1.03.01 | C15: DEMOLICIÓN MANUAL DE PLACAS DE CONTRAPISO Y/O ANDENES h.<=15 cm (indiferente de la resistencia). Incluye compresores neumáticos, cargue, retiro, disposición de escombros a sitio aprobado por la autoridad ambiental. | D15: m2 | E15: =ROUND((7*1.2),2) -> 8.4 | F15: 25774 | G15: =IFERROR(ROUND((E15*F15),0),"") -> 216502
B16: 1.03.05 | C16: ESCARIFICACIÓN SUPERFICIAL (VERTICAL Y/O HORIZONTAL) DE ESTRUCTURAS EN CONCRETO. INCLUYE CORTE A LADO Y LADO DEL ÁREA A INTERVENIR, INCLUYE TRASIEGOS - CARGUE Y RETIRO FINAL DE ESCOMBROS HASTA ESCOMBRERA AUTORIZADA | D16: m2 | E16: =ROUND(((10.39*2)+(16.5+14.04+7.24+48.62+3.12+3.12+3.59)+(14.07+6.25+2.45)),2) -> 139.78 | F16: 9640 | G16: =IFERROR(ROUND((E16*F16),0),"") -> 1347479
B17: 1.03.07 | C17: DEMOLICIÓN MECÁNICA CONTROLADA DE MUROS EN LADRILLO (arcilla y/o cemento). incluye trasiegos - cargue y retiro final de escombros hasta escombrera autorizada | D17: m2 | E17: 2 | F17: 23710 | G17: =IFERROR(ROUND((E17*F17),0),"") -> 47420
B18: 1.03.08 | C18: DEMOLICIÓN DE PAÑETES EXISTENTES indiferente su espesor, (para muros en ladrillo a la vista a conservar). Incluye trasiegos - cargue y retiro final de escombros hasta escombrera autorizada | D18: m2 | E18: =ROUND((46.4*0.12),2) -> 5.57 | F18: 9451 | G18: =IFERROR(ROUND((E18*F18),0),"") -> 52642
B19: Total | D19: =SUBTOTAL(103,POE_PRELIMINARES[UND.]) -> 5 | G19: =SUBTOTAL(109,POE_PRELIMINARES[[VALOR TOTAL ]]) -> 2027043
B20: 2 | C20: MOVIMIENTO DE TIERRAS | D20: UND. | E20: CANTIDAD | F20: VALOR UNITARIO | G20: VALOR TOTAL
B21: 2.01 | C21: DESCAPOTE A MÁQUINA Y/O MANUAL PROFUNDIDAD 0.30m, incluye selección de cespedones con almacenamiento y retiro de material sobrante hasta botadero autorizado. | D21: m2 | E21: =ROUND((E204*0.1),2) -> 24.96 | F21: 18287 | G21: =IFERROR(ROUND($E21*$F21,0),"") -> 456444
B22: 2.02 | C22: CORTE Y/O EXCAVACIÓN MANUAL y/o MECÁNICA DE TERRENO, (Para elementos estructurales, redes, y todos los elementos constructivos que lo requieran, unidad medida en bloque en planos o en terreno, no se reconocerán sobreanchos ni sobre excavaciones) incluye selección, trasiego, almacenamiento en obra, disposición interna en el proyecto, profundidad hasta 2,00 m. | D22: m3 | E22: =ROUND((E21*0.3),2) -> 7.49 | F22: 42438 | G22: =IFERROR(ROUND($E22*$F22,0),"") -> 317861
B23: 2.04 | C23: RELLENO CON MATERIAL SELECCIONADO PRODUCTO DE LA EXCAVACIÓN, compactado al 95%, aplica también para rellenos de redes. | D23: m3 | E23: =ROUND(((E22*0.15)+(E204*0.1*0.2)),2) -> 6.11 | F23: 20449 | G23: =IFERROR(ROUND($E23*$F23,0),"") -> 124943
B24: Total | G24: =SUBTOTAL(109,PE_MOVIMIENTO_TIERRAS[[VALOR TOTAL ]]) -> 899248
B25: 4 | C25: REFUERZO | D25: UND. | E25: CANTIDAD | F25: VALOR UNITARIO | G25: VALOR TOTAL
B26: 4.04 | C26: ANCLAJE MANUAL EMPLEANDO VARILLA Ø 1/2" PARA PERFORACIÓN Ø 5/8" PROF MAX 0,30 M FIJADO MEDIANTE EPÓXICO DE DOS COMPONENTES 100% SOLIDOS INSENSIBLE A LA HUMEDAD Y TIXOTRÓPICO | D26: u | E26: 10 | F26: 13262 | G26: =IFERROR(ROUND($E26*$F26,0),"") -> 132620
B27: Total | G27: =SUBTOTAL(109,PE_REFUERZO[[VALOR TOTAL ]]) -> 132620
B28: 7 | C28: REDES HIDRÁULICAS, SANITARIAS, AGUAS DE RECOLECCIÓN Y RCI | D28: UND. | E28: CANTIDAD | F28: VALOR UNITARIO | G28: VALOR TOTAL
B29: 7.01 | C29: CAJAS, POZOS, CARCAMOS
B30: 7.01.01 | C30: CAJA DE INSPECCIÓN EN MAMPOSTERÍA 80x80x150 cm (a x L x h) medidas internas útiles. Incluye base en concreto f'c=2000 PSI y malla electrosoldada, cañuela, ladrillo tolete recocido común, tapa en concreto f'c=3000 PSI con marco y contramarco metálico, pañetado liso impermeabilizado 1:4 interno completo. No incluye excavaciones ni rellenos. | D30: u | E30: 1 | F30: 1059024 | G30: =IFERROR(ROUND($E30*$F30,0),"") -> 1059024
B31: 7.01.02 | C31: CAJA DE INSPECCIÓN EN MAMPOSTERÍA 80x80x80 cm (a x L x h) medidas internas útiles. Incluye base en concreto f'c=2000 PSI y malla electrosoldada, cañuela, ladrillo tolete recocido común, tapa en concreto f'c=3000 PSI con marco y contramarco metálico, pañetado liso impermeabilizado 1:4 interno completo. No incluye excavaciones ni rellenos. | D31: u | E31: 1 | F31: 707234 | G31: =IFERROR(ROUND($E31*$F31,0),"") -> 707234
B32: 7.01.03 | C32: CAJA DE INSPECCIÓN EN MAMPOSTERÍA 60x60x80 cm (a x L x h) medidas internas útiles. Incluye base en concreto f'c=2000 PSI y malla electrosoldada, cañuela, ladrillo tolete recocido común, tapa en concreto f'c=3000 PSI con marco y contramarco metálico, pañetado liso impermeabilizado 1:4 interno completo. No incluye excavaciones ni rellenos. | D32: u | E32: 1 | F32: 554049 | G32: =IFERROR(ROUND($E32*$F32,0),"") -> 554049
B33: 7.01.06 | C33: CÁRCAMO en concreto 2000 psi de 30 cm x 15 cm. Incluye suministro, herramienta, mano de obra y demás materiales necesarios para su correcta instalación. | D33: m | E33: 34 | F33: 97932 | G33: =IFERROR(ROUND($E33*$F33,0),"") -> 3329688
B34: 7.02 | C34: REDES SANITARIAS | G34: =IFERROR(ROUND($E34*$F34,0),"")
B35: 7.02.02 | C35: SUMINISTRO E INSTALACIÓN DE TUBERÍA SANITARIA PVC-S ø 4" (conexión hacia la acometida y cajas + incluye accesorios y todo lo necesario para su instalación) | D35: m | E35: 24 | F35: 45124 | G35: =IFERROR(ROUND($E35*$F35,0),"") -> 1082976
B36: 7.02.03 | C36: SUMINISTRO E INSTALACIÓN DE TUBERÍA SANITARIA PVC-S ø 3" (Incluye accesorios y todo lo necesario para su instalación) | D36: m | E36: 10 | F36: 38569 | G36: =IFERROR(ROUND($E36*$F36,0),"") -> 385690
B37: 7.02.04 | C37: SUMINISTRO E INSTALACIÓN DE TUBERÍA SANITARIA PVC-S ø 2" (Incluye accesorios y todo lo necesario para su instalación) | D37: m | E37: 18 | F37: 30947 | G37: =IFERROR(ROUND($E37*$F37,0),"") -> 557046
B38: 7.02.05 | C38: PUNTO SANITARIO PVCS ø 4" (Incluye 1,5 m de tubería desde la salida hasta la red +accesorios y todo lo necesario para su instalación) | D38: u | E38: 22 | F38: 75819 | G38: =IFERROR(ROUND($E38*$F38,0),"") -> 1668018
B39: 7.02.06 | C39: PUNTO SANITARIO PVCS ø 3" (Incluye 1,5 m de tubería desde la salida hasta la red +accesorios y todo lo necesario para su instalación) | D39: u | E39: 1 | F39: 51608 | G39: =IFERROR(ROUND($E39*$F39,0),"") -> 51608
B40: 7.02.07 | C40: PUNTO SANITARIO PVC-S ø 2" (Incluye 1.5 m tubería desde la salida hasta la red + accesorios y todo lo necesario para su instalación) | D40: u | E40: 15 | F40: 40820 | G40: =IFERROR(ROUND($E40*$F40,0),"") -> 612300
B41: 7.02.08 | C41: SUMINISTRO E INSTALACIÓN DE PUNTO SANITARIOS Y SIFONES DE PISO 4" (incluye rejillas metálicas de piso y todos los materiales necesarios para su correcta instalación) | D41: u | E41: 15 | F41: 120617 | G41: =IFERROR(ROUND($E41*$F41,0),"") -> 1809255
B42: 7.02.09 | C42: SUMINISTRO E INSTALACIÓN DE PUNTO SANITARIOS Y SIFONES DE PISO 3" (incluye rejillas metálicas de piso y todos los materiales necesarios para su correcta instalación) | D42: u | E42: 15 | F42: 75125 | G42: =IFERROR(ROUND($E42*$F42,0),"") -> 1126875
B43: 7.02.10 | C43: SUMINISTRO E INSTALACIÓN DE PUNTO SANITARIOS Y SIFONES DE PISO 2" (incluye rejillas metálicas de piso y todos los materiales necesarios para su correcta instalación) | D43: u | E43: 2 | F43: 63148 | G43: =IFERROR(ROUND($E43*$F43,0),"") -> 126296
B44: 7.02.13 | C44: SUMINISTRO E INSTALACIÓN VÁLVULA ANTIRRETORNO PARA ALCANTARILLADO DE 6" o 160 mm (Incluye suministro, herramienta, mano de obra, transporte y demás materiales necesarios para su correcta instalación) | D44: u | E44: 1 | F44: 4235166 | G44: =IFERROR(ROUND($E44*$F44,0),"") -> 4235166
B45: 7.02.14 | C45: SUMINISTRO E INSTALACIÓN VÁLVULA ANTIRRETORNO PARA ALCANTARILLADO DE 4" o 110 mm (Incluye suministro, herramienta, mano de obra, transporte y demás materiales necesarios para su correcta instalación) | D45: u | E45: 1 | F45: 3294315 | G45: =IFERROR(ROUND($E45*$F45,0),"") -> 3294315
B46: 7.02.18 | C46: SUMINISTRO E INSTALACIÓN DE TUBERÍA SANITARIA pared estructural ø 6" o 160 mm (tipo NOVAFORT o equivalente de igual calidad o superior). Incluye accesorios y todo lo necesario para su instalación y buen funcionamiento. | D46: m | E46: 6 | F46: 53058 | G46: =IFERROR(ROUND($E46*$F46,0),"") -> 318348
B47: 7.02.19 | C47: SUMINISTRO E INSTALACIÓN DE TUBERÍA SANITARIA pared estructural ø 4" o 110 mm (tipo NOVAFORT o equivalente de igual calidad o superior). Incluye accesorios y todo lo necesario para su instalación y buen funcionamiento. | D47: m | E47: 6 | F47: 37368 | G47: =IFERROR(ROUND($E47*$F47,0),"") -> 224208
B48: 7.03 | C48: REDES HIDRÁULICAS | G48: =IFERROR(ROUND($E48*$F48,0),"")
B49: 7.03.01 | C49: SUMINISTRO E INSTALACIÓN DE ACOMETIDA PVC-P 3/4" RDE 11 (400 psi). Comprende desde punto de salida del medidor hasta la conexión a la red principal. Incluye todos los accesorios (válvulas de corte, caja de medidor, medidor + tubería + accesorios) y materiales necesarios para su instalación. | D49: u | E49: 1 | F49: 812919 | G49: =IFERROR(ROUND($E49*$F49,0),"") -> 812919
B50: 7.03.03 | C50: SUMINISTRO E INSTALACIÓN DE TUBERÍA PVC-P 3" RDE 21 (Incluye todos los accesorios y materiales necesarios para su instalación) | D50: m | E50: 30 | F50: 48297 | G50: =IFERROR(ROUND($E50*$F50,0),"") -> 1448910
B51: 7.03.04 | C51: SUMINISTRO E INSTALACIÓN DE TUBERÍA PVC-P 2-1/2" RDE 21 (Incluye todos los accesorios y materiales necesarios para su instalación) | D51: m | E51: 15 | F51: 78567 | G51: =IFERROR(ROUND($E51*$F51,0),"") -> 1178505
B52: 7.03.05 | C52: SUMINISTRO E INSTALACIÓN DE TUBERÍA PVC-P 2" RDE 21 (Incluye todos los accesorios y materiales necesarios para su instalación) | D52: m | E52: 10 | F52: 45182 | G52: =IFERROR(ROUND($E52*$F52,0),"") -> 451820
B53: 7.03.06 | C53: SUMINISTRO E INSTALACIÓN DE TUBERÍA PVC-P 1-1/2" RDE 21 (Incluye todos los accesorios y materiales necesarios para su instalación) | D53: m | E53: 15 | F53: 28020 | G53: =IFERROR(ROUND($E53*$F53,0),"") -> 420300
B54: 7.03.08 | C54: SUMINISTRO E INSTALACIÓN DE TUBERÍA PVC-P 1" RDE 13.5 (Incluye todos los accesorios y materiales necesarios para su instalación) | D54: m | E54: 10 | F54: 16115 | G54: =IFERROR(ROUND($E54*$F54,0),"") -> 161150
B55: 7.03.09 | C55: SUMINISTRO E INSTALACIÓN DE TUBERÍA PVC-P 3/4" RDE 11 (Incluye todos los accesorios y materiales necesarios para su instalación) | D55: m | E55: 15 | F55: 12893 | G55: =IFERROR(ROUND($E55*$F55,0),"") -> 193395
B56: 7.03.10 | C56: SUMINISTRO E INSTALACIÓN DE TUBERÍA PVC-P 1/2" RDE 9 (Incluye todos los accesorios y materiales necesarios para su instalación) | D56: m | E56: 25 | F56: 11274 | G56: =IFERROR(ROUND($E56*$F56,0),"") -> 281850
B57: 7.03.11 | C57: PUNTO DE AGUA FRÍA 1 1/2" (instalado subterráneo y/o a nivel y/o en alturas hasta 10,00 m. Incluye cámara de aire, 1,5 m de tubería, accesorios, complementarios, regatas y resanes). | D57: u | E57: 21 | F57: 86324 | G57: =IFERROR(ROUND($E57*$F57,0),"") -> 1812804
B58: 7.03.12 | C58: PUNTO DE AGUA FRÍA 1" (instalado subterráneo y/o a nivel y/o en alturas hasta 10,00 m. Incluye cámara de aire, 1,5 m de tubería, accesorios, complementarios, regatas y resanes). | D58: u | E58: 1 | F58: 51793 | G58: =IFERROR(ROUND($E58*$F58,0),"") -> 51793
B59: 7.03.13 | C59: PUNTO DE AGUA FRÍA 3/4" (instalado subterráneo y/o a nivel y/o en alturas hasta 10,00 m. Incluye cámara de aire, 1,5 m de tubería, accesorios, complementarios, regatas y resanes). | D59: u | E59: 1 | F59: 40664 | G59: =IFERROR(ROUND($E59*$F59,0),"") -> 40664
B60: 7.03.14 | C60: PUNTO DE AGUA FRÍA 1/2" (instalado subterráneo y/o a nivel y/o en alturas hasta 10,00 m. Incluye cámara de aire, 1,5 m de tubería, accesorios, complementarios, regatas y resanes). | D60: u | E60: 22 | F60: 36513 | G60: =IFERROR(ROUND($E60*$F60,0),"") -> 803286
... B75: 7.03.37 | C75: SUMINISTRO E INSTALACIÓN DE LLAVE TERMINAL 1/2" TIPO PESADO PARA MANGUERA. | D75: u | E75: 4 | F75: 52620 | G75: =IFERROR(ROUND($E75*$F75,0),"") -> 210480
B76: 7.04 | C76: REDES VENTILACIÓN Y AGUAS LLUVIAS | G76: =IFERROR(ROUND($E76*$F76,0),"")
B77: 7.04.02 | C77: SUMINISTRO E INSTALACIÓN DE TUBERÍA DE VENTILACIÓN PVC L ø 3" (incluye accesorios y todo lo necesario para su instalación) | D77: m | E77: 6 | F77: 32371 | G77: =IFERROR(ROUND($E77*$F77,0),"") -> 194226
B78: 7.04.03 | C78: SUMINISTRO E INSTALACIÓN DE TUBERÍA DE VENTILACIÓN PVC L ø 2" (incluye accesorios y todo lo necesario para su instalación) | D78: m | E78: 6 | F78: 28633 | G78: =IFERROR(ROUND($E78*$F78,0),"") -> 171798
B79: 7.04.05 | C79: PUNTO SANITARIO BAJANTE AGUAS LLUVIAS (Incluye tragante metálica 5x4, accesorios de conexión con la bajante y rebose lateral de la canal con accesorios según planos de diseño) | D79: u | E79: 2 | F79: 182924 | G79: =IFERROR(ROUND($E79*$F79,0),"") -> 365848
B80: 7.05 | C80: TANQUES Y EQUIPOS | G80: =IFERROR(ROUND($E80*$F80,0),"")
B81: 7.05.06 | C81: SUMINISTRO E INSTALACIÓN KIT FLOTADORA PESADA para tanque agua de reserva; incluye: Válvula flotadora en bronce 1/2"; Cheque cortina 1/2"; válvula de bola 1/2" Bugatti y cinta para rosca PTFE; vástago en latón; conector y horquilla en latón forjado; sello en nitrilo; presión de cierre: 125 PSI; bola de cobre. | D81: u | E81: 1 | F81: 228585 | G81: =IFERROR(ROUND($E81*$F81,0),"") -> 228585
B82: 7.05.08 | C82: SUMINISTRO E INSTALACIÓN TRAMPA DE GRASAS EN ACERO INOXIDABLE (80X40X35) tipo industrial. Incluye tapa y todos los accesorios necesarios para su correcta instalación y funcionamiento. | D82: u | E82: 1 | F82: 1731445 | G82: =IFERROR(ROUND($E82*$F82,0),"") -> 1731445
B83: 7.05.17 | C83: EQUIPO DE PRESIÓN CONSTANTE DE 5 HP, DE ALTURA DINÁMICA DE 23.03 MCA Y Q= 4.22 LTS, INCLUYE BOMBA AUXILIAR DE 5 HP, CONTROLES, TABLEROS DE CONTROL Y FUERZA. NO HOMOLOGADO | D83: u | E83: 2 | F83: 25482100 | G83: =IFERROR(ROUND($E83*$F83,0),"") -> 50964200
B84: 7.07 | C84: TRÁMITES Y DERECHOS DE CONEXIÓN
B85: 7.07.01 | C85: TRÁMITE DISPONIBILIDAD DE SERVICIOS | D85: u | E85: 1 | F85: 1221500 | G85: =IFERROR(ROUND($E85*$F85,0),"") -> 1221500
B86: 7.07.02 | C86: TRÁMITE DE TIPO | D86: u | E86: 1 | F86: 733320 | G86: =IFERROR(ROUND($E86*$F86,0),"") -> 733320
B87: 7.07.03 | C87: TRÁMITE DE CONEXIONES DOMICILIARIAS | D87: u | E87: 1 | F87: 2441951 | G87: =IFERROR(ROUND($E87*$F87,0),"") -> 2441951
B88: 7.07.04 | C88: TRÁMITE DE CONEXIONES DEFINITIVAS DE ACUEDUCTO | D88: u | E88: 1 | F88: 1831725 | G88: =IFERROR(ROUND($E88*$F88,0),"") -> 1831725
B89: Total | G89: =SUBTOTAL(109,POE_REDES_HIDROSANITARIAS[[VALOR TOTAL ]]) -> 103395971
B90: 8 | C90: INSTALACIONES ELÉCTRICAS E ILUMINACIÓN | D90: UND. | E90: CANTIDAD | F90: VALOR UNITARIO | G90: VALOR TOTAL
B91: 8.01 | C91: EQUIPO DE MEDIDA
B92: 8.01.05 | C92: GRUPO DE MEDIDA EN BAJA TENSIÓN Un (1) medidor electrónico multifuncional con perfil de carga, para conexión en dos o tres elementos, clase 0.5 según IEC 687/92. Mide valores tensión, corriente, ángulo de fase, Potencia activa, reactiva, distorsión armónica. Una (1) bornera de tres elementos. res (3) transf.corriente CT'S 200- 600/5A Idin.=80xIN-1SEG clase 0.5, 2.5 VA Barra pasante. Los transf. se entregan con sus respectivos protocolos de pruebas e instalado en el tablero grupo de medida | D92: u | E92: 1 | F92: 4354580 | G92: =IFERROR(ROUND($E92*$F92,0),"") -> 4354580
B93: 8.01.06 | C93: Suministro de materiales y mano de obra para la construcción de caja de inspección en anden de concreto CS276, incluye marco en acero y 2 tapas 1.31 mtr x 1.61mtr de concreto para camara de inspeccion doble CS276 | D93: u | E93: 1 | F93: 2374000 | G93: =IFERROR(ROUND($E93*$F93,0),"") -> 2374000
B94: 8.02 | C94: REDES EXTERIORES EN BAJA TENSIÓN
B95: 8.02.01 | C95: Suministro e instalación de tubo TDP 2" PVC tipo pesado, incluye terminal tipo campana para conexión, accesorios y demás elementos para su correcta instalación | D95: m | E95: 45 | F95: 33728 | G95: =IFERROR(ROUND($E95*$F95,0),"") -> 1517760
B96: 8.03 | C96: TABLEROS DE DISTRIBUCIÓN Y PROTECCIONES
B97: 8.03.04 | C97: Suministro, instalación y puesta en servicio de tablero de distribución trifásico enchufable para 36 circuitos con espacio para totalizador, incluye totalizador (20-100A) 25kA, barraje de neutro, barraje de tierra, puerta y chapa; (incluye elementos consumibles para su correcta instalación, empotrado). | D97: u | E97: 1 | F97: 1535277 | G97: =IFERROR(ROUND($E97*$F97,0),"") -> 1535277
B98: 8.04 | C98: ACOMETIDAS INTERNAS BAJA TENSIÓN | G98: =IFERROR(ROUND($E98*$F98,0),"")
B99: 8.04.09 | C99: Suministro e instalación de acometida en cable de cobre 3F# 6+1N #6 + 1T #8AWG, incluye termo encogible, terminales de ponchar, cinta y demás accesorios para su correcto funcionamiento, incluye conexión en los dos extremos. | D99: m | E99: 45 | F99: 75463 | G99: =IFERROR(ROUND($E99*$F99,0),"") -> 3395835
B100: 8.04.10 | C100: Suministro e instalación de acometida en cable de cobre 3F# /4/0+1N #4/0 + 1T #2AWG, incluye termo encogible, terminales de ponchar, cinta y demás accesorios para su correcto funcionamiento, incluye conexión en los dos extremos. Entre planta electrica y tablero de transferencia | D100: m | E100: 20 | F100: 478299 | G100: =IFERROR(ROUND($E100*$F100,0),"") -> 9565980
B101: 8.05 | C101: RED NORMAL Y REGULADA
B102: 8.05.08 | C102: Suministro e instalación de cable de cobre 1F#12+1N#12+1T#12 AWG, blanco-verde-(amarillo, azul o rojo) LSZH HF, CT, 600V, 80°C | D102: m | E102: 500 | F102: 17021 | G102: =IFERROR(ROUND($E102*$F102,0),"") -> 8510500
B103: 8.06 | C103: CANALIZACIONES PARA RED NORMAL Y REGULADA
B104: 8.06.06 | C104: Instalación y Suministro de Canaleta plastica 100x45mm 2Mt, incluye accesorios de union, separador, angulos y demas accesorios para su correcta fijacion | D104: m | E104: 150 | F104: 64166 | G104: =IFERROR(ROUND($E104*$F104,0),"") -> 9624900
B105: 8.06.08 | C105: Instalación y Suministro de ducto cerrado de 200x50 mm incluye curvas, uniones, riel chanel, varilla roscada y accesorios de fijación | D105: m | E105: 20 | F105: 127415 | G105: =IFERROR(ROUND($E105*$F105,0),"") -> 2548300
B106: 8.07 | C106: ILUMINACIÓN
B107: 8.07.07 | C107: Suministro e instalación de Luminaria tipo panel LED LINEAL CONTINUUM 2,27m montaje para descolgar , vida útil mínimo de 60.000 Horas, 60W, 5500 Lúmenes, de acuerdo con especificaciones del diseño de iluminación, Incluye cable encauchetado y clavija para conexión, kit de guayas aceradas para descolgar y demás elementos necesarios para su correcta instalación. | D107: u | E107: 20 | F107: 728637 | G107: =IFERROR(ROUND($E107*$F107,0),"") -> 14572740
B108: 8.07.13 | C108: Suministro e instalación de luminaria de emergencia tipo bala para montaje en cilindro 5w minimo 90 minutos de automia incluye guaya y soportes | D108: u | E108: 20 | F108: 408918 | G108: =IFERROR(ROUND($E108*$F108,0),"") -> 8178360
B109: 8.07.15 | C109: Suministro e instalación de aviso de salida emergencia led rectangular 120-130v , 2 años de garantía | D109: u | E109: 10 | F109: 139799 | G109: =IFERROR(ROUND($E109*$F109,0),"") -> 1397990
B110: 8.07.17 | C110: Suministro e instalación de luminaria Spot LED, acabado con pintura electrostática en color negro, ángulo de distribución luminosa entre 15 a 40° de apertura, mínimo IP20, potencia de 10/20/30 W, temperatura de color 3000K IRC mínimo 80%, vida útil de la fuente mínimo de 30.000 horas, dimerizable, conexión a 120 V, para instalación en riel 120V | D110: u | E110: 20 | F110: 107849 | G110: =IFERROR(ROUND($E110*$F110,0),"") -> 2156980
B111: 8.07.20 | C111: Suministro e instalación de luminaria tipo cilindro descolgar 22W, incluye guaya | D111: u | E111: 20 | F111: 346069 | G111: =IFERROR(ROUND($E111*$F111,0),"") -> 6921380
B112: 8.07.23 | C112: Suministro e instalación de luminaria Solar Garden Poste 80cm 3000K | D112: u | E112: 10 | F112: 679996 | G112: =IFERROR(ROUND($E112*$F112,0),"") -> 6799960
B113: 8.07.26 | C113: Suministro e instalación de LUMINARIA DE DESCOLGAR DECORATIVA y accesorios de fijación | D113: u | E113: 20 | F113: 195780 | G113: =IFERROR(ROUND($E113*$F113,0),"") -> 3915600
B114: 8.07.28 | C114: Suminsitro e instalacion de luminaria lineal Square Stil Led 1.20m 50W | D114: u | E114: 1.5 | F114: 463555 | G114: =IFERROR(ROUND($E114*$F114,0),"") -> 695333
B115: 8.08 | C115: ILUMINACIÓN EXTERIOR
B116: 8.08.19 | C116: Suministro e instalación de luminaria LED SOLAR GARDEN 3250LM – 25W, incluye poste 3m galvanizado , con canastilla y soportes de fijación, base en concreto de 21MPa y acero de refuerzo, sistema de puesta a tierra con varilla de cobre 2,4m, cable de cobre, conectores, tratamiento, poste y luminaria deben contar con certificado de confirmidad de producto | D116: u | E116: 3 | F116: 1873762 | G116: =IFERROR(ROUND($E116*$F116,0),"") -> 5621286
B117: 8.12 | C117: CERTIFICACIONES Y TRAMITES
...

Sheet AIU
C1: MC-SA-MC-0014-2025 CENTRO CULTURAL VILLA ADELAIDA | L1: 812408754 | M1: VALOR presupuestado PROCESO
L2: 544440126 | M2: COSTO DIRECTO
C3: ANALISIS DEL AIU | L3: =+L1-L2 -> 267968628 | M3: COSTO INDIRECTO
C5: A1- IMPUESTOS Y PÓLIZAS | D5: Unidad | E5: Porcentaje | G5: Cantidad | I5: COSTO | L5: =L3=I49 -> FALSE
A6: A1 | C6: Retefuente | D6: Global | E6: 0.02 | G6: 1 | I6: =ROUND(($L$1-$I$48)*G6*E6,0) -> 16144731
C7: Contribución contratos O.P. | D7: Global | E7: 0.05 | G7: 1 | I7: =ROUND(($L$1-$I$48)*G7*E7,0) -> 40361829
C8: Transacciones financieras (4 x 1000) | D8: Global | E8: 0.004 | G8: 1 | I8: =ROUND(($L$1-$I$48)*G8*E8,0) -> 3228946
C9: Rete ICA 6.9/1000 | D9: Global | E9: 0.0069 | G9: 1 | I9: =ROUND(($L$1-$I$48)*G9*E9,0) -> 5569932
C10: FIC | D10: Global | E10: 0.0025 | G10: 1 | I10: =ROUND(($L$1-$I$48)*G10*E10,0) -> 2018091
C11: Estampilla Pro Universidad Nacional | D11: Global | E11: 0.005 | G11: 1 | I11: =ROUND(($L$1-$I$48)*G11*E11,0) -> 4036183
C12: Impuesto de Timbre | D12: Global | E12: 0.005 | G12: 1 | I12: =ROUND(($L$1-$I$48)*G12*E12,0) -> 4036183
C13: Administración fiducia 1 SMMLV por mes de duración | D13: Mes | E13: 1423500 | G13: 2 | I13: =ROUND(G13*E13,0) -> 2847000
C14: Pólizas | D14: Global | E14: 0.01252 | G14: 1 | I14: =ROUND($L$1*G14*E14,0) -> 10171358
C15: PORCENTAJE IMPUESTOS Y OTROS SOBRE CONTRATO | E15: =SUM(E6:E14) -> 1423500.1 | I15: =SUM(I6:I14) -> 88414253
C17: A2- PERSONAL | D17: VALOR BRUTO | E17: Carga Prestacional | F17: DEDICACION % | G17: Cantidad Y/O Turnos | H17: Plazo (mes) | I17: VALOR NETO
A18: A2 | C18: Director de Diseños y Obra | D18: 7415423.9 | E18: 1.6019 | F18: 0.2 | G18: 1 | H18: 3 | I18: =IFERROR(ROUND(E18*D18*G18*F18*H18,0),"") -> 7127261
C19: Residente de obra acabados | D19: 5372002.5 | E19: 1.6019 | F19: 1 | G19: 1 | H19: 3 | I19: =IFERROR(ROUND(E19*D19*G19*F19*H19,0),"") -> 25816232
C20: Especialista Hidrosanitario | D20: 4500046.3 | E20: 1.6019 | F20: 0.2 | G20: 1 | H20: 2 | I20: =IFERROR(ROUND(E20*D20*G20*F20*H20,0),"") -> 2883450
C21: Especialista eléctrico de iluminación y electrónico | D21: 4500046.3 | E21: 1.6019 | F21: 0.2 | G21: 1 | H21: 2 | I21: =IFERROR(ROUND(E21*D21*G21*F21*H21,0),"") -> 2883450
C22: Profesional en Seguridad y Salud en el Trabajo, y medio ambiente | D22: 4500046.3 | E22: 1.6019 | F22: 0.3 | G22: 1 | H22: 2 | I22: =IFERROR(ROUND(E22*D22*G22*F22*H22,0),"") -> 4325175
I23: =IFERROR(ROUND(E23*D23*G23*F23*H23,0),"") -> 0
I24: =IFERROR(ROUND(E24*D24*G24*F24*H24,0),"") -> 0
I25: =IFERROR(ROUND(E25*D25*G25*F25*H25,0),"") -> 0
C26: PERSONAL | I26: =SUM(I18:I25) -> 43035568
C28: GASTOS GENERALES | D28: UN | F28: CANTIDAD | H28: VALOR BRUTO | I28: VALOR NETO
A29: A3 | C29: PAPELERÍA, FOTOCOPIAS Y EQUIPOS | D29: mes | F29: 2 | H29: 12680.784 | I29: =ROUND(H29*F29,0) -> 25362
C30: EQUIPOS OFICINA (COMPUTADORES Y ESCANER) (3 UNIDADES) | D30: mes | F30: 2 | H30: 339150 | I30: =ROUND(H30*F30,0) -> 678300
C31: EQUIPOS DE COMUNICACIÓN | D31: mes | F31: 2 | H31: 82699.588 | I31: =ROUND(H31*F31,0) -> 165399
C32: SOFTWARE LICENCIADO | D32: Global | F32: 1 | H32: 608687 | I32: =ROUND(H32*F32,0) -> 608687
C33: ADECUACION ESPACIO PARA ALMACÉN, MUEBLES, BAÑOS (INCLUYE RETIRO AL FINALIZAR LA OBRA) | D33: Global | F33: 1 | H33: 351000 | I33: =ROUND(H33*F33,0) -> 351000
C34: IMPLEMENTACIÓN PLAN AMBIENTAL Y SEGURIDAD INDUSTRIAL - Elementos de seguridad Industrial, incluye trabajo de alturas, señalizacion y proteccion de zonas de trabajo | D34: Global | F34: 1 | H34: 1915182 | I34: =ROUND(H34*F34,0) -> 1915182
C35: ENSAYOS DE LABORATORIO (incluiye pueba de tintas, concretos, aceros, ferroscan) | D35: Global | F35: 1 | H35: 4672000 | I35: =ROUND(H35*F35,0) -> 4672000
C36: SERVICIOS PÚBLICOS | D36: mes | F36: 2 | H36: =120000+50000+200000 -> 370000 | I36: =ROUND(H36*F36,0) -> 740000
C37: IMPLEMENTACIÓN PLAN DE MANEJO DE TRANSITO - Elementos de seguridad Industrial, señalizacion y proteccion de zonas de trabajo | D37: Global | F37: 1 | H37: 569340.94 | I37: =ROUND(H37*F37,0) -> 569341
C38: VALLA INFORMATIVA DEL PROYECTO (2,00 X3,00MTS) BANNER CON OJALETES CON ESTRUCTURA METALICA DE SOPORTE | D38: Global | F38: 1 | H38: 1843657 | I38: =ROUND(H38*F38,0) -> 1843657
C39: GASTOS GENERALES | I39: =SUM(I29:I38) -> 11568928
C41: TOTAL ADMINISTRACIÓN | E41: PORCENTAJE | H41: =+I41/I43 -> 0.26268958 | I41: =+I39+I26+I15 -> 143018749
C43: COSTO DIRECTO | I43: 544440126
C45: ADMINISTRACIÓN | H45: =ROUND(H41,4) -> 0.2627 | I45: =ROUND(($I$43*H45),0) -> 143024421
C46: IMPREVISTOS | H46: 0.005 | I46: =ROUND(($I$43*H46),0) -> 2722201
C47: UTILIDAD | H47: 0.05 | I47: =ROUND(($I$43*H47),0) -> 27222006
C48: IVA SOBRE UTILIDAD | H48: 0.19 | I48: =ROUND(($I$47*H48),0) -> 5172181
C49: COSTO INDIRECTO | I49: =ROUND(SUM(I45:I48),0) -> 178140809
C51: VALOR TOTAL | I51: =ROUND(I43+I49,0) -> 722580935
J52: >

Sheet FORMULARIO OFERTA ECONOMICA
B2: Formulario 1 - Propuesta económica - Licitación de obra pública de infraestructura social
B3: Código | C3: CCE-EICP-FM-116
B4: Versión | C4: 1
B6: FORMULARIO OFERTA ECONOMICA MC-SA-MC-0014-2025 CENTRO CULTURAL VILLA ADELAIDA
B7: [La Entidad puede utilizar este Formulario de presentación de Propuesta Económica de forma detallada, sin perjuicio que la Entidad pueda modificarlo o establecer la presentación de la oferta económica con un Formulario distinto al indicado.] [Los Proponentes emplearán el Formulario establecido por la Entidad para determinar su propuesta económica conforme al Formulario 1 - Presupuesto Oficial publicado por la Entidad]
B8: Adicionalmente, cuando el Proceso de Contratación es estructurado por Precios Unitarios, la Entidad debe aplicar las notas 1, 2 y 3 del presente Formulario y las casillas de "Descripción", "Porcentaje" de la Administración, Imprevisto, Utilidad y total A.I.U. resaltadas en color amarillo. Tratándose de otras modalidades de precio, la Entidad puede o no configurar los mismos aspectos.
B10: ÍTEM DE PAGO | C10: DESCRIPCIÓN
B11: 1 | C11: ACTIVIDADES PRELIMINARES, DESMONTES Y DEMOLICIONES | D11: UND. | E11: CANTIDAD | F11: VALOR UNITARIO OFICIAL | G11: VALOR UNITARIO OFERTADO | H11: VALOR TOTAL
B12: 1.01 | C12: Preliminares | H12: =IFERROR(ROUND((E12*G12),0),"")
B13: 1.01.07 | C13: LIMPIEZA Y LAVADO DE FACHADAS | D13: m2 | E13: =ROUND((36.9*1.5),0) -> 55 | F13: 6600 | H13: =IFERROR(ROUND((E13*G13),0),"") -> 0
B14: 1.03 | C14: Demoliciones | H14: =IFERROR(ROUND((E14*G14),0),"") -> 0
B15: 1.03.01 | C15: DEMOLICIÓN MANUAL DE PLACAS DE CONTRAPISO Y/O ANDENES h.<=15 cm (indiferente de la resistencia). Incluye compresores neumáticos, cargue, retiro, disposición de escombros a sitio aprobado por la autoridad ambiental. | D15: m2 | E15: =ROUND((7*1.2),2) -> 8.4 | F15: 25774 | H15: =IFERROR(ROUND((E15*G15),0),"") -> 0
B16: 1.03.05 | C16: ESCARIFICACIÓN SUPERFICIAL (VERTICAL Y/O HORIZONTAL) DE ESTRUCTURAS EN CONCRETO. INCLUYE CORTE A LADO Y LADO DEL ÁREA A INTERVENIR, INCLUYE TRASIEGOS - CARGUE Y RETIRO FINAL DE ESCOMBROS HASTA ESCOMBRERA AUTORIZADA | D16: m2 | E16: =ROUND(((10.39*2)+(16.5+14.04+7.24+48.62+3.12+3.12+3.59)+(14.07+6.25+2.45)),2) -> 139.78 | F16: 9640 | H16: =IFERROR(ROUND((E16*G16),0),"") -> 0
B17: 1.03.07 | C17: DEMOLICIÓN MECÁNICA CONTROLADA DE MUROS EN LADRILLO (arcilla y/o cemento). incluye trasiegos - cargue y retiro final de escombros hasta escombrera autorizada | D17: m2 | E17: 2 | F17: 23710 | H17: =IFERROR(ROUND((E17*G17),0),"") -> 0
B18: 1.03.08 | C18: DEMOLICIÓN DE PAÑETES EXISTENTES indiferente su espesor, (para muros en ladrillo a la vista a conservar). Incluye trasiegos - cargue y retiro final de escombros hasta escombrera autorizada | D18: m2 | E18: =ROUND((46.4*0.12),2) -> 5.57 | F18: 9451 | H18: =IFERROR(ROUND((E18*G18),0),"") -> 0
B19: Total | D19: =SUBTOTAL(103,'FORMULARIO OFERTA ECONOMICA'!$D$12:$D$18) -> 5 | H19: =SUBTOTAL(109,'FORMULARIO OFERTA ECONOMICA'!$H$12:$H$18) -> 0
B20: 2 | C20: MOVIMIENTO DE TIERRAS | D20: UND. | E20: CANTIDAD | F20: VALOR UNITARIO OFICIAL | G20: VALOR UNITARIO OFERTADO | H20: VALOR TOTAL
B21: 2.01 | C21: DESCAPOTE A MÁQUINA Y/O MANUAL PROFUNDIDAD 0.30m, incluye selección de cespedones con almacenamiento y retiro de material sobrante hasta botadero autorizado. | D21: m2 | E21: =ROUND((E204*0.1),2) -> 24.96 | F21: 18287 | H21: =IFERROR(ROUND($E21*$G21,0),"") -> 0
B22: 2.02 | C22: CORTE Y/O EXCAVACIÓN MANUAL y/o MECÁNICA DE TERRENO, (Para elementos estructurales, redes, y todos los elementos constructivos que lo requieran, unidad medida en bloque en planos o en terreno, no se reconocerán sobreanchos ni sobre excavaciones) incluye selección, trasiego, almacenamiento en obra, disposición interna en el proyecto, profundidad hasta 2,00 m. | D22: m3 | E22: =ROUND((E21*0.3),2) -> 7.49 | F22: 42438 | H22: =IFERROR(ROUND($E22*$G22,0),"") -> 0
B23: 2.04 | C23: RELLENO CON MATERIAL SELECCIONADO PRODUCTO DE LA EXCAVACIÓN, compactado al 95%, aplica también para rellenos de redes. | D23: m3 | E23: =ROUND(((E22*0.15)+(E204*0.1*0.2)),2) -> 6.11 | F23: 20449 | H23: =IFERROR(ROUND($E23*$G23,0),"") -> 0
B24: Total | H24: =SUBTOTAL(109,'FORMULARIO OFERTA ECONOMICA'!$H$21:$H$23) -> 0
B25: 4 | C25: REFUERZO | D25: UND. | E25: CANTIDAD | F25: VALOR UNITARIO OFICIAL | G25: VALOR UNITARIO OFERTADO | H25: VALOR TOTAL
B26: 4.04 | C26: ANCLAJE MANUAL EMPLEANDO VARILLA Ø 1/2" PARA PERFORACIÓN Ø 5/8" PROF MAX 0,30 M FIJADO MEDIANTE EPÓXICO DE DOS COMPONENTES 100% SOLIDOS INSENSIBLE A LA HUMEDAD Y TIXOTRÓPICO | D26: u | E26: 10 | F26: 13262 | H26: =IFERROR(ROUND($E26*$G26,0),"") -> 0
B27: Total | H27: =SUBTOTAL(109,'FORMULARIO OFERTA ECONOMICA'!$H$26:$H$26) -> 0
B28: 7 | C28: REDES HIDRÁULICAS, SANITARIAS, AGUAS DE RECOLECCIÓN Y RCI | D28: UND. | E28: CANTIDAD | F28: VALOR UNITARIO OFICIAL | G28: VALOR UNITARIO OFERTADO | H28: VALOR TOTAL
B29: 7.01 | C29: CAJAS, POZOS, CARCAMOS
B30: 7.01.01 | C30: CAJA DE INSPECCIÓN EN MAMPOSTERÍA 80x80x150 cm (a x L x h) medidas internas útiles. Incluye base en concreto f'c=2000 PSI y malla electrosoldada, cañuela, ladrillo tolete recocido común, tapa en concreto f'c=3000 PSI con marco y contramarco metálico, pañetado liso impermeabilizado 1:4 interno completo. No incluye excavaciones ni rellenos. | D30: u | E30: 1 | F30: 1059024 | H30: =IFERROR(ROUND($E30*$G30,0),"") -> 0
B31: 7.01.02 | C31: CAJA DE INSPECCIÓN EN MAMPOSTERÍA 80x80x80 cm (a x L x h) medidas internas útiles. Incluye base en concreto f'c=2000 PSI y malla electrosoldada, cañuela, ladrillo tolete recocido común, tapa en concreto f'c=3000 PSI con marco y contramarco metálico, pañetado liso impermeabilizado 1:4 interno completo. No incluye excavaciones ni rellenos. | D31: u | E31: 1 | F31: 707234 | H31: =IFERROR(ROUND($E31*$G31,0),"") -> 0
B32: 7.01.03 | C32: CAJA DE INSPECCIÓN EN MAMPOSTERÍA 60x60x80 cm (a x L x h) medidas internas útiles. Incluye base en concreto f'c=2000 PSI y malla electrosoldada, cañuela, ladrillo tolete recocido común, tapa en concreto f'c=3000 PSI con marco y contramarco metálico, pañetado liso impermeabilizado 1:4 interno completo. No incluye excavaciones ni rellenos. | D32: u | E32: 1 | F32: 554049 | H32: =IFERROR(ROUND($E32*$G32,0),"") -> 0
B33: 7.01.06 | C33: CÁRCAMO en concreto 2000 psi de 30 cm x 15 cm. Incluye suministro, herramienta, mano de obra y demás materiales necesarios para su correcta instalación. | D33: m | E33: 34 | F33: 97932 | H33: =IFERROR(ROUND($E33*$G33,0),"") -> 0
B34: 7.02 | C34: REDES SANITARIAS | H34: =IFERROR(ROUND($E34*$G34,0),"") -> 0
B35: 7.02.02 | C35: SUMINISTRO E INSTALACIÓN DE TUBERÍA SANITARIA PVC-S ø 4" (conexión hacia la acometida y cajas + incluye accesorios y todo lo necesario para su instalación) | D35: m | E35: 24 | F35: 45124 | H35: =IFERROR(ROUND($E35*$G35,0),"") -> 0
B36: 7.02.03 | C36: SUMINISTRO E INSTALACIÓN DE TUBERÍA SANITARIA PVC-S ø 3" (Incluye accesorios y todo lo necesario para su instalación) | D36: m | E36: 10 | F36: 38569 | H36: =IFERROR(ROUND($E36*$G36,0),"") -> 0
B37: 7.02.04 | C37: SUMINISTRO E INSTALACIÓN DE TUBERÍA SANITARIA PVC-S ø 2" (Incluye accesorios y todo lo necesario para su instalación) | D37: m | E37: 18 | F37: 30947 | H37: =IFERROR(ROUND($E37*$G37,0),"") -> 0
B38: 7.02.05 | C38: PUNTO SANITARIO PVCS ø 4" (Incluye 1,5 m de tubería desde la salida hasta la red +accesorios y todo lo necesario para su instalación) | D38: u | E38: 22 | F38: 75819 | H38: =IFERROR(ROUND($E38*$G38,0),"") -> 0
B39: 7.02.06 | C39: PUNTO SANITARIO PVCS ø 3" (Incluye 1,5 m de tubería desde la salida hasta la red +accesorios y todo lo necesario para su instalación) | D39: u | E39: 1 | F39: 51608 | H39: =IFERROR(ROUND($E39*$G39,0),"") -> 0
B40: 7.02.07 | C40: PUNTO SANITARIO PVC-S ø 2" (Incluye 1.5 m tubería desde la salida hasta la red + accesorios y todo lo necesario para su instalación) | D40: u | E40: 15 | F40: 40820 | H40: =IFERROR(ROUND($E40*$G40,0),"") -> 0
B41: 7.02.08 | C41: SUMINISTRO E INSTALACIÓN DE PUNTO SANITARIOS Y SIFONES DE PISO 4" (incluye rejillas metálicas de piso y todos los materiales necesarios para su correcta instalación) | D41: u | E41: 15 | F41: 120617 | H41: =IFERROR(ROUND($E41*$G41,0),"") -> 0
B42: 7.02.09 | C42: SUMINISTRO E INSTALACIÓN DE PUNTO SANITARIOS Y SIFONES DE PISO 3" (incluye rejillas metálicas de piso y todos los materiales necesarios para su correcta instalación) | D42: u | E42: 15 | F42: 75125 | H42: =IFERROR(ROUND($E42*$G42,0),"") -> 0
B43: 7.02.10 | C43: SUMINISTRO E INSTALACIÓN DE PUNTO SANITARIOS Y SIFONES DE PISO 2" (incluye rejillas metálicas de piso y todos los materiales necesarios para su correcta instalación) | D43: u | E43: 2 | F43: 63148 | H43: =IFERROR(ROUND($E43*$G43,0),"") -> 0
B44: 7.02.13 | C44: SUMINISTRO E INSTALACIÓN VÁLVULA ANTIRRETORNO PARA ALCANTARILLADO DE 6" o 160 mm (Incluye suministro, herramienta, mano de obra, transporte y demás materiales necesarios para su correcta instalación) | D44: u | E44: 1 | F44: 4235166 | H44: =IFERROR(ROUND($E44*$G44,0),"") -> 0
B45: 7.02.14 | C45: SUMINISTRO E INSTALACIÓN VÁLVULA ANTIRRETORNO PARA ALCANTARILLADO DE 4" o 110 mm (Incluye suministro, herramienta, mano de obra, transporte y demás materiales necesarios para su correcta instalación) | D45: u | E45: 1 | F45: 3294315 | H45: =IFERROR(ROUND($E45*$G45,0),"") -> 0
B46: 7.02.18 | C46: SUMINISTRO E INSTALACIÓN DE TUBERÍA SANITARIA pared estructural ø 6" o 160 mm (tipo NOVAFORT o equivalente de igual calidad o superior). Incluye accesorios y todo lo necesario para su instalación y buen funcionamiento. | D46: m | E46: 6 | F46: 53058 | H46: =IFERROR(ROUND($E46*$G46,0),"") -> 0
B47: 7.02.19 | C47: SUMINISTRO E INSTALACIÓN DE TUBERÍA SANITARIA pared estructural ø 4" o 110 mm (tipo NOVAFORT o equivalente de igual calidad o superior). Incluye accesorios y todo lo necesario para su instalación y buen funcionamiento. | D47: m | E47: 6 | F47: 37368 | H47: =IFERROR(ROUND($E47*$G47,0),"") -> 0
B48: 7.03 | C48: REDES HIDRÁULICAS | H48: =IFERROR(ROUND($E48*$G48,0),"") -> 0
B49: 7.03.01 | C49: SUMINISTRO E INSTALACIÓN DE ACOMETIDA PVC-P 3/4" RDE 11 (400 psi). Comprende desde punto de salida del medidor hasta la conexión a la red principal. Incluye todos los accesorios (válvulas de corte, caja de medidor, medidor + tubería + accesorios) y materiales necesarios para su instalación. | D49: u | E49: 1 | F49: 812919 | H49: =IFERROR(ROUND($E49*$G49,0),"") -> 0
B50: 7.03.03 | C50: SUMINISTRO E INSTALACIÓN DE TUBERÍA PVC-P 3" RDE 21 (Incluye todos los accesorios y materiales necesarios para su instalación) | D50: m | E50: 30 | F50: 48297 | H50: =IFERROR(ROUND($E50*$G50,0),"") -> 0
B51: 7.03.04 | C51: SUMINISTRO E INSTALACIÓN DE TUBERÍA PVC-P 2-1/2" RDE 21 (Incluye todos los accesorios y materiales necesarios para su instalación) | D51: m | E51: 15 | F51: 78567 | H51: =IFERROR(ROUND($E51*$G51,0),"") -> 0
B52: 7.03.05 | C52: SUMINISTRO E INSTALACIÓN DE TUBERÍA PVC-P 2" RDE 21 (Incluye todos los accesorios y materiales necesarios para su instalación) | D52: m | E52: 10 | F52: 45182 | H52: =IFERROR(ROUND($E52*$G52,0),"") -> 0
B53: 7.03.06 | C53: SUMINISTRO E INSTALACIÓN DE TUBERÍA PVC-P 1-1/2" RDE 21 (Incluye todos los accesorios y materiales necesarios para su instalación) | D53: m | E53: 15 | F53: 28020 | H53: =IFERROR(ROUND($E53*$G53,0),"") -> 0
B54: 7.03.08 | C54: SUMINISTRO E INSTALACIÓN DE TUBERÍA PVC-P 1" RDE 13.5 (Incluye todos los accesorios y materiales necesarios para su instalación) | D54: m | E54: 10 | F54: 16115 | H54: =IFERROR(ROUND($E54*$G54,0),"") -> 0
B55: 7.03.09 | C55: SUMINISTRO E INSTALACIÓN DE TUBERÍA PVC-P 3/4" RDE 11 (Incluye todos los accesorios y materiales necesarios para su instalación) | D55: m | E55: 15 | F55: 12893 | H55: =IFERROR(ROUND($E55*$G55,0),"") -> 0
B56: 7.03.10 | C56: SUMINISTRO E INSTALACIÓN DE TUBERÍA PVC-P 1/2" RDE 9 (Incluye todos los accesorios y materiales necesarios para su instalación) | D56: m | E56: 25 | F56: 11274 | H56: =IFERROR(ROUND($E56*$G56,0),"") -> 0
B57: 7.03.11 | C57: PUNTO DE AGUA FRÍA 1 1/2" (instalado subterráneo y/o a nivel y/o en alturas hasta 10,00 m. Incluye cámara de aire, 1,5 m de tubería, accesorios, complementarios, regatas y resanes). | D57: u | E57: 21 | F57: 86324 | H57: =IFERROR(ROUND($E57*$G57,0),"") -> 0
B58: 7.03.12 | C58: PUNTO DE AGUA FRÍA 1" (instalado subterráneo y/o a nivel y/o en alturas hasta 10,00 m. Incluye cámara de aire, 1,5 m de tubería, accesorios, complementarios, regatas y resanes). | D58: u | E58: 1 | F58: 51793 | H58: =IFERROR(ROUND($E58*$G58,0),"") -> 0
B59: 7.03.13 | C59: PUNTO DE AGUA FRÍA 3/4" (instalado subterráneo y/o a nivel y/o en alturas hasta 10,00 m. Incluye cámara de aire, 1,5 m de tubería, accesorios, complementarios, regatas y resanes). | D59: u | E59: 1 | F59: 40664 | H59: =IFERROR(ROUND($E59*$G59,0),"") -> 0
B60: 7.03.14 | C60: PUNTO DE AGUA FRÍA 1/2" (instalado subterráneo y/o a nivel y/o en alturas hasta 10,00 m. Incluye cámara de aire, 1,5 m de tubería, accesorios, complementarios, regatas y resanes). | D60: u | E60: 22 | F60: 36513 | H60: =IFERROR(ROUND($E60*$G60,0),"") -> 0
... B75: 7.03.37 | C75: SUMINISTRO E INSTALACIÓN DE LLAVE TERMINAL 1/2" TIPO PESADO PARA MANGUERA. | D75: u | E75: 4 | F75: 52620 | H75: =IFERROR(ROUND($E75*$G75,0),"") -> 0
B76: 7.04 | C76: REDES VENTILACIÓN Y AGUAS LLUVIAS | H76: =IFERROR(ROUND($E76*$G76,0),"") -> 0
B77: 7.04.02 | C77: SUMINISTRO E INSTALACIÓN DE TUBERÍA DE VENTILACIÓN PVC L ø 3" (incluye accesorios y todo lo necesario para su instalación) | D77: m | E77: 6 | F77: 32371 | H77: =IFERROR(ROUND($E77*$G77,0),"") -> 0
B78: 7.04.03 | C78: SUMINISTRO E INSTALACIÓN DE TUBERÍA DE VENTILACIÓN PVC L ø 2" (incluye accesorios y todo lo necesario para su instalación) | D78: m | E78: 6 | F78: 28633 | H78: =IFERROR(ROUND($E78*$G78,0),"") -> 0
B79: 7.04.05 | C79: PUNTO SANITARIO BAJANTE AGUAS LLUVIAS (Incluye tragante metálica 5x4, accesorios de conexión con la bajante y rebose lateral de la canal con accesorios según planos de diseño) | D79: u | E79: 2 | F79: 182924 | H79: =IFERROR(ROUND($E79*$G79,0),"") -> 0
B80: 7.05 | C80: TANQUES Y EQUIPOS | H80: =IFERROR(ROUND($E80*$G80,0),"") -> 0
B81: 7.05.06 | C81: SUMINISTRO E INSTALACIÓN KIT FLOTADORA PESADA para tanque agua de reserva; incluye: Válvula flotadora en bronce 1/2"; Cheque cortina 1/2"; válvula de bola 1/2" Bugatti y cinta para rosca PTFE; vástago en latón; conector y horquilla en latón forjado; sello en nitrilo; presión de cierre: 125 PSI; bola de cobre. | D81: u | E81: 1 | F81: 228585 | H81: =IFERROR(ROUND($E81*$G81,0),"") -> 0
B82: 7.05.08 | C82: SUMINISTRO E INSTALACIÓN TRAMPA DE GRASAS EN ACERO INOXIDABLE (80X40X35) tipo industrial. Incluye tapa y todos los accesorios necesarios para su correcta instalación y funcionamiento. | D82: u | E82: 1 | F82: 1731445 | H82: =IFERROR(ROUND($E82*$G82,0),"") -> 0
B83: 7.05.17 | C83: EQUIPO DE PRESIÓN CONSTANTE DE 5 HP, DE ALTURA DINÁMICA DE 23.03 MCA Y Q= 4.22 LTS, INCLUYE BOMBA AUXILIAR DE 5 HP, CONTROLES, TABLEROS DE CONTROL Y FUERZA. NO HOMOLOGADO | D83: u | E83: 2 | F83: 25482100 | H83: =IFERROR(ROUND($E83*$G83,0),"") -> 0
B84: 7.07 | C84: TRÁMITES Y DERECHOS DE CONEXIÓN
B85: 7.07.01 | C85: TRÁMITE DISPONIBILIDAD DE SERVICIOS | D85: u | E85: 1 | F85: 1221500 | H85: =IFERROR(ROUND($E85*$G85,0),"") -> 0
B86: 7.07.02 | C86: TRÁMITE DE TIPO | D86: u | E86: 1 | F86: 733320 | H86: =IFERROR(ROUND($E86*$G86,0),"") -> 0
B87: 7.07.03 | C87: TRÁMITE DE CONEXIONES DOMICILIARIAS | D87: u | E87: 1 | F87: 2441951 | H87: =IFERROR(ROUND($E87*$G87,0),"") -> 0
B88: 7.07.04 | C88: TRÁMITE DE CONEXIONES DEFINITIVAS DE ACUEDUCTO | D88: u | E88: 1 | F88: 1831725 | H88: =IFERROR(ROUND($E88*$G88,0),"") -> 0
B89: Total | H89: =SUBTOTAL(109,'FORMULARIO OFERTA ECONOMICA'!$H$29:$H$88) -> 0
B90: 8 | C90: INSTALACIONES ELÉCTRICAS E ILUMINACIÓN | D90: UND. | E90: CANTIDAD | F90: VALOR UNITARIO OFICIAL | G90: VALOR UNITARIO OFERTADO | H90: VALOR TOTAL
B91: 8.01 | C91: EQUIPO DE MEDIDA
B92: 8.01.05 | C92: GRUPO DE MEDIDA EN BAJA TENSIÓN Un (1) medidor electrónico multifuncional con perfil de carga, para conexión en dos o tres elementos, clase 0.5 según IEC 687/92. Mide valores tensión, corriente, ángulo de fase, Potencia activa, reactiva, distorsión armónica. Una (1) bornera de tres elementos. res (3) transf.corriente CT'S 200- 600/5A Idin.=80xIN-1SEG clase 0.5, 2.5 VA Barra pasante. Los transf. se entregan con sus respectivos protocolos de pruebas e instalado en el tablero grupo de medida | D92: u | E92: 1 | F92: 4354580 | H92: =IFERROR(ROUND($E92*$G92,0),"") -> 0
B93: 8.01.06 | C93: Suministro de materiales y mano de obra para la construcción de caja de inspección en anden de concreto CS276, incluye marco en acero y 2 tapas 1.31 mtr x 1.61mtr de concreto para camara de inspeccion doble CS276 | D93: u | E93: 1 | F93: 2374000 | H93: =IFERROR(ROUND($E93*$G93,0),"") -> 0
B94: 8.02 | C94: REDES EXTERIORES EN BAJA TENSIÓN
B95: 8.02.01 | C95: Suministro e instalación de tubo TDP 2" PVC tipo pesado, incluye terminal tipo campana para conexión, accesorios y demás elementos para su correcta instalación | D95: m | E95: 45 | F95: 33728 | H95: =IFERROR(ROUND($E95*$G95,0),"") -> 0
B96: 8.03 | C96: TABLEROS DE DISTRIBUCIÓN Y PROTECCIONES
B97: 8.03.04 | C97: Suministro, instalación y puesta en servicio de tablero de distribución trifásico enchufable para 36 circuitos con espacio para totalizador, incluye totalizador (20-100A) 25kA, barraje de neutro, barraje de tierra, puerta y chapa; (incluye elementos consumibles para su correcta instalación, empotrado). | D97: u | E97: 1 | F97: 1535277 | H97: =IFERROR(ROUND($E97*$G97,0),"") -> 0
B98: 8.04 | C98: ACOMETIDAS INTERNAS BAJA TENSIÓN | H98: =IFERROR(ROUND($E98*$G98,0),"") -> 0
B99: 8.04.09 | C99: Suministro e instalación de acometida en cable de cobre 3F# 6+1N #6 + 1T #8AWG, incluye termo encogible, terminales de ponchar, cinta y demás accesorios para su correcto funcionamiento, incluye conexión en los dos extremos. | D99: m | E99: 45 | F99: 75463 | H99: =IFERROR(ROUND($E99*$G99,0),"") -> 0
B100: 8.04.10 | C100: Suministro e instalación de acometida en cable de cobre 3F# /4/0+1N #4/0 + 1T #2AWG, incluye termo encogible, terminales de ponchar, cinta y demás accesorios para su correcto funcionamiento, incluye conexión en los dos extremos. Entre planta electrica y tablero de transferencia | D100: m | E100: 20 | F100: 478299 | H100: =IFERROR(ROUND($E100*$G100,0),"") -> 0
B101: 8.05 | C101: RED NORMAL Y REGULADA
B102: 8.05.08 | C102: Suministro e instalación de cable de cobre 1F#12+1N#12+1T#12 AWG, blanco-verde-(amarillo, azul o rojo) LSZH HF, CT, 600V, 80°C | D102: m | E102: 500 | F102: 17021 | H102: =IFERROR(ROUND($E102*$G102,0),"") -> 0
B103: 8.06 | C103: CANALIZACIONES PARA RED NORMAL Y REGULADA
B104: 8.06.06 | C104: Instalación y Suministro de Canaleta plastica 100x45mm 2Mt, incluye accesorios de union, separador, angulos y demas accesorios para su correcta fijacion | D104: m | E104: 150 | F104: 64166 | H104: =IFERROR(ROUND($E104*$G104,0),"") -> 0
B105: 8.06.08 | C105: Instalación y Suministro de ducto cerrado de 200x50 mm incluye curvas, uniones, riel chanel, varilla roscada y accesorios de fijación | D105: m | E105: 20 | F105: 127415 | H105: =IFERROR(ROUND($E105*$G105,0),"") -> 0
B106: 8.07 | C106: ILUMINACIÓN
B107: 8.07.07 | C107: Suministro e instalación de Luminaria tipo panel LED LINEAL CONTINUUM 2,27m montaje para descolgar , vida útil mínimo de 60.000 Horas, 60W, 5500 Lúmenes, de acuerdo con especificaciones del diseño de iluminación, Incluye cable encauchetado y clavija para conexión, kit de guayas aceradas para descolgar y demás elementos necesarios para su correcta instalación. | D107: u | E107: 20 | F107: 728637 | H107: =IFERROR(ROUND($E107*$G107,0),"") -> 0
B108: 8.07.13 | C108: Suministro e instalación de luminaria de emergencia tipo bala para montaje en cilindro 5w minimo 90 minutos de automia incluye guaya y soportes | D108: u | E108: 20 | F108: 408918 | H108: =IFERROR(ROUND($E108*$G108,0),"") -> 0
B109: 8.07.15 | C109: Suministro e instalación de aviso de salida emergencia led rectangular 120-130v , 2 años de garantía | D109: u | E109: 10 | F109: 139799 | H109: =IFERROR(ROUND($E109*$G109,0),"") -> 0
B110: 8.07.17 | C110: Suministro e instalación de luminaria Spot LED, acabado con pintura electrostática en color negro, ángulo de distribución luminosa entre 15 a 40° de apertura, mínimo IP20, potencia de 10/20/30 W, temperatura de color 3000K IRC mínimo 80%, vida útil de la fuente mínimo de 30.000 horas, dimerizable, conexión a 120 V, para instalación en riel 120V | D110: u | E110: 20 | F110: 107849 | H110: =IFERROR(ROUND($E110*$G110,0),"") -> 0
B111: 8.07.20 | C111: Suministro e instalación de luminaria tipo cilindro descolgar 22W, incluye guaya | D111: u | E111: 20 | F111: 346069 | H111: =IFERROR(ROUND($E111*$G111,0),"") -> 0
B112: 8.07.23 | C112: Suministro e instalación de luminaria Solar Garden Poste 80cm 3000K | D112: u | E112: 10 | F112: 679996 | H112: =IFERROR(ROUND($E112*$G112,0),"") -> 0
B113: 8.07.26 | C113: Suministro e instalación de LUMINARIA DE DESCOLGAR DECORATIVA y accesorios de fijación | D113: u | E113: 20 | F113: 195780 | H113: =IFERROR(ROUND($E113*$G113,0),"") -> 0
B114: 8.07.28 | C114: Suminsitro e instalacion de luminaria lineal Square Stil Led 1.20m 50W | D114: u | E114: 1.5 | F114: 463555 | H114: =IFERROR(ROUND($E114*$G114,0),"") -> 0
B115: 8.08 | C115: ILUMINACIÓN EXTERIOR
B116: 8.08.19 | C116: Suministro e instalación de luminaria LED SOLAR GARDEN 3250LM – 25W, incluye poste 3m galvanizado , con canastilla y soportes de fijación, base en concreto de 21MPa y acero de refuerzo, sistema de puesta a tierra con varilla de cobre 2,4m, cable de cobre, conectores, tratamiento, poste y luminaria deben contar con certificado de confirmidad de producto | D116: u | E116: 3 | F116: 1873762 | H116: =IFERROR(ROUND($E116*$G116,0),"") -> 0
B117: 8.12 | C117: CERTIFICACIONES Y TRAMITES
...
